Map: Equilibrium LE

Players

rolav - Winner!

  • Race: Protoss Protoss
  • Spawn Location: 1:00

Subwayeatn

  • Race: Zerg Zerg
  • League: Platinum
  • Spawn Location: 11:00

VOD

Have the link to the VOD?

Description

Time

  • Played on: Nov. 2, 2023, 6:50 p.m.
  • Length: 18:43
Show
View Real Time Build Order
Export as new Build Order

rolav Protoss - Winner!

Build Orders: Chargelot Immortal 

Get SALT Encoding   

  12  0:00  Probe  
  13  0:12  Probe  
  14  0:19  Pylon  
  14  0:24  Probe  
  15  0:37  Probe (Chrono Boost)  
  16  0:44  Forge  
  16  0:47  Probe (Chrono Boost)  
  17  0:59  Pylon  
  17  1:00  Probe  
  18  1:12  Probe  
  19  1:19  Assimilator  
  19  1:24  Probe  
  20  1:34  Photon Cannon  
  20  1:35  Photon Cannon  
  20  1:36  Probe  
  21  1:49  Probe  
  22  1:55  Gateway  
  22  2:01  Probe  
  23  2:13  Probe  
  24  2:25  Probe  
  25  2:37  Probe  
  26  2:48  Cybernetics Core  
  26  2:49  Probe  
  26  2:50  Zealot  
  29  2:53  Nexus  
  29  3:01  Probe, Pylon  
  30  3:14  Photon Cannon  
  30  3:18  Nexus  
  30  3:24  Stalker  
  30  3:25  Warp Gate  
  32  3:30  Probe (Chrono Boost)  
  33  3:34  Assimilator  
  34  3:42  Probe (Chrono Boost)  
  34  3:48  Probe (Chrono Boost)  
  35  3:56  Probe  
  36  4:04  Protoss Ground Weapons Level 1  
  36  4:06  Probe  
  36  4:08  Probe  
  38  4:23  Probe (Chrono Boost)  
  39  4:25  Probe (Chrono Boost)  
  41  4:35  Pylon, Probe x2 (Chrono Boost)  
  41  4:36  Probe (Chrono Boost)  
  43  4:40  Zealot, Probe (Chrono Boost), Pylon  
  43  4:44  Probe (Chrono Boost)  
  48  4:45  Probe (Chrono Boost)  
  49  4:56  Probe (Chrono Boost)  
  49  4:57  Robotics Facility, Probe (Chrono Boost)  
  49  4:59  Probe (Chrono Boost)  
  51  5:00  Gateway  
  51  5:02  Probe (Chrono Boost)  
  51  5:05  Gateway  
  51  5:06  Gateway  
  51  5:07  Probe (Chrono Boost)  
  54  5:09  Probe (Chrono Boost)  
  55  5:14  Probe (Chrono Boost)  
  55  5:15  Probe (Chrono Boost)  
  55  5:16  Pylon  
  55  5:17  Probe (Chrono Boost)  
  55  5:19  Unknown  
  55  5:21  Probe  
  57  5:23  Probe  
  57  5:25  Pylon  
  57  5:27  Probe  
  60  5:31  Stalker  
  60  5:33  Probe  
  60  5:35  Probe  
  64  5:37  Robotics Facility  
  64  5:39  Probe  
  65  5:43  Pylon  
  65  5:45  Assimilator, Probe  
  65  5:47  Assimilator, Probe  
  67  5:51  Pylon  
  67  5:52  Probe  
  67  5:55  Sentry x2  
  72  5:57  Probe  
  72  5:58  Observer  
  72  5:59  Probe  
  72  6:04  Probe  
  76  6:09  Probe, Forge  
  77  6:11  Twilight Council, Probe  
  77  6:14  Zealot, Forge  
  77  6:15  Zealot  
  77  6:16  Probe  
  77  6:18  Pylon  
  83  6:21  Probe  
  83  6:23  Probe  
  83  6:24  Immortal x2  
  93  6:28  Stalker x2, Probe  
  98  6:33  Probe  
  98  6:35  Probe  
  98  6:36  Stalker x2  
  104  6:40  Probe  
  104  6:43  Protoss Ground Armor Level 1 (Chrono Boost)  
  104  6:46  Probe  
  106  6:53  Stalker  
  108  6:54  Stalker  
  108  6:55  Probe  
  108  6:59  Pylon  
  111  7:02  Pylon  
  111  7:03  Immortal  
  115  7:10  Protoss Ground Weapons Level 2 (Chrono Boost)  
  115  7:16  Protoss Shields Level 1 (Chrono Boost)  
  115  7:17  Immortal  
  115  7:20  Charge  
  119  7:27  Probe x2  
  121  7:31  Pylon  
  121  7:33  Pylon  
  121  7:40  Pylon  
  121  7:41  Probe x2  
  123  7:54  Nexus  
  123  7:57  Pylon  
  123  7:59  Pylon  
  123  8:07  Zealot x4  
  122  8:23  Immortal  
  122  8:24  Immortal, Robotics Bay  
  130  8:32  Zealot x2  
  130  8:33  Zealot x2  
  138  8:44  Protoss Ground Armor Level 2 (Chrono Boost)  
  138  8:50  Gateway  
  138  8:52  Gateway  
  138  8:55  Gateway  
  138  8:57  Gateway  
  138  8:58  Gateway  
  138  8:59  Gateway  
  138  9:02  Gateway  
  138  9:04  Zealot x4, Gateway  
  138  9:08  Pylon  
  142  9:12  Protoss Shields Level 2 (Chrono Boost), Protoss Ground Weapons Level 3 (Chrono Boost)  
  142  9:13  Pylon  
  142  9:15  Photon Cannon  
  142  9:16  Photon Cannon  
  140  9:18  Photon Cannon  
  140  9:20  Extended Thermal Lance  
  140  9:21  Colossus x2  
  152  9:37  Photon Cannon  
  152  9:41  Gateway  
  152  9:42  Photon Cannon  
  152  9:43  Assimilator  
  152  9:46  Assimilator  
  152  9:48  Robotics Facility  
  152  9:53  Stargate  
  152  9:54  Cybernetics Core, Stargate  
  152  9:56  Sentry x5, Stargate  
  152  9:59  Pylon  
  162  10:06  Robotics Facility  
  162  10:15  Observer x2  
  164  10:36  Colossus x2  
  164  10:41  Probe x3  
  179  10:43  Protoss Air Weapons Level 1, Probe  
  179  10:44  Nexus  
  179  10:45  Protoss Air Armor Level 1, Colossus  
  186  10:53  Probe x2  
  188  10:57  Protoss Ground Armor Level 3 (Chrono Boost)  
  188  11:08  Stalker x2  
  188  11:09  Stalker x3  
  198  11:13  Gravitic Boosters (Chrono Boost)  
  198  11:22  Pylon  
  198  11:24  Pylon  
  198  11:27  Pylon  
  198  11:30  Assimilator  
  198  11:34  Assimilator  
  198  11:37  Pylon  
  188  12:15  Protoss Shields Level 3 (Chrono Boost)  
  188  12:20  Phoenix x3  
  194  12:23  Gravitic Drive  
  194  12:31  Fleet Beacon  
  194  12:36  Stargate  
  194  12:39  Stargate  
  194  12:44  Gateway  
  194  12:46  Gateway  
  194  12:47  Gateway  
  194  12:49  Gateway  
  194  12:52  Gateway  
  194  12:54  Gateway, Photon Cannon  
  194  12:57  Photon Cannon  
  194  12:59  Photon Cannon  
  194  13:00  Photon Cannon  
  194  13:02  Photon Cannon  
  194  13:03  Photon Cannon  
  194  13:05  Photon Cannon x2  
  194  13:06  Photon Cannon  
  194  13:08  Photon Cannon  
  194  13:13  Photon Cannon  
  194  13:14  Photon Cannon, Phoenix x2  
  194  13:15  Phoenix  
  194  13:16  Shield Battery  
  194  13:18  Shield Battery  
  200  13:28  Protoss Air Weapons Level 2 (Chrono Boost), Protoss Air Armor Level 2 (Chrono Boost)  
  180  13:59  Phoenix x3  
  180  14:00  Phoenix x2  
  190  14:17  Anion Pulse-Crystals (Chrono Boost)  
  190  14:18  Templar Archives  
  190  14:20  Dark Shrine  
  190  14:24  Phoenix x3  
  190  14:25  Phoenix x2  
  200  14:41  Nexus  
  200  14:44  Nexus  
  200  14:55  Pylon  
  200  14:56  Pylon  
  200  14:59  Pylon x2  
  200  15:02  Pylon x2  
  200  15:04  Assimilator  
  199  15:07  Phoenix  
  199  15:08  Assimilator, Pylon  
  199  15:11  Assimilator  
  199  15:12  Pylon  
  199  15:13  Assimilator  
  189  15:36  Protoss Air Weapons Level 3 (Chrono Boost), Protoss Air Armor Level 3 (Chrono Boost)  
  189  15:44  Phoenix x2  
  189  15:45  Phoenix x2  
  136  16:26  Carrier, Phoenix x4  
  136  16:27  Colossus x3  
  136  16:28  Colossus  
  159  16:50  Zealot x7  
  159  16:51  Zealot x5, Phoenix  
  185  17:21  Colossus  
  179  17:44  Phoenix x4  
  179  17:45  Phoenix  
  173  17:57  Zealot x6  
  173  17:58  Zealot x4  
  187  18:09  Phoenix  
  181  18:41  Zealot  
  181  18:42  Zealot x8  
Show
View Real Time Build Order
Export as new Build Order

Subwayeatn Zerg 

Build Orders: Hatch First 

Get SALT Encoding   

  12  0:00  Drone  
  13  0:12  Overlord  
  13  0:18  Drone  
  14  0:31  Drone x2  
  16  0:49  Hatchery  
  15  0:53  Drone  
  15  0:55  Drone  
  17  0:59  Drone  
  17  1:02  Extractor  
  17  1:07  Drone  
  18  1:20  Spawning Pool  
  17  1:29  Drone  
  18  1:43  Drone x2  
  20  1:56  Hatchery  
  19  2:08  Queen  
  23  2:26  Roach Warren  
  23  2:27  Drone  
  23  2:31  Drone  
  24  2:42  Metabolic Boost  
  22  2:56  Overlord  
  22  2:59  Overlord  
  22  3:07  Queen  
  22  3:09  Roach x2  
  28  3:15  Roach  
  28  3:17  Roach  
  28  3:18  Roach  
  34  3:33  Ravager  
  35  3:45  Extractor  
  34  3:53  Queen  
  34  3:54  Drone  
  34  3:55  Drone x2  
  39  4:02  Hatchery  
  38  4:10  Drone  
  39  4:20  Spore Crawler  
  39  4:23  Drone  
  39  4:26  Drone x3  
  39  4:30  Ravager x2  
  44  5:05  Overlord  
  44  5:08  Overlord  
  44  5:13  Queen  
  44  5:14  Overlord  
  46  5:17  Overlord  
  46  5:18  Queen  
  48  5:44  Overlord, Hatchery  
  47  5:50  Drone x8  
  55  6:11  Spore Crawler  
  54  6:19  Ravager x2  
  56  6:29  Drone x10  
  66  6:36  Lair  
  66  6:40  Extractor x2  
  64  6:53  Zergling x6  
  64  6:54  Zergling x6  
  70  6:56  Queen  
  72  7:06  Zergling x2  
  72  7:07  Zergling x14  
  80  7:33  Glial Reconstitution  
  80  7:39  Overlord  
  80  7:41  Overseer  
  80  7:42  Overseer  
  80  7:48  Zergling x18  
  80  7:49  Zergling x12  
  85  8:21  Queen  
  87  8:27  Drone x16, Hydralisk Den  
  87  8:28  Drone x2  
  104  9:01  Grooved Spines  
  81  9:17  Hydralisk  
  81  9:18  Hydralisk x6  
  81  9:22  Overlord x3  
  86  9:37  Zergling x18  
  95  9:46  Evolution Chamber x2  
  95  9:48  Drone x7  
  95  9:51  Muscular Augments  
  100  10:05  Baneling Nest  
  99  10:09  Drone x4  
  99  10:10  Hydralisk  
  99  10:11  Hydralisk x7  
  119  10:17  Extractor x2  
  119  10:19  Overseer  
  117  10:24  Overseer  
  117  10:25  Hatchery  
  116  10:28  Overseer  
  116  10:30  Overseer  
  116  10:34  Zerg Melee Weapons Level 1  
  116  10:35  Zerg Missile Weapons Level 1  
  116  10:37  Drone x3  
  116  10:39  Overlord x4  
  119  10:59  Overlord  
  119  11:03  Zergling x2  
  119  11:04  Zergling x10  
  123  11:05  Hydralisk  
  123  11:06  Hydralisk x10  
  147  11:12  Overlord  
  147  11:14  Overlord  
  147  11:20  Zergling x2  
  140  11:35  Roach x10  
  140  11:36  Roach x3  
  157  11:51  Hydralisk x6  
  137  12:06  Queen, Spire  
  135  12:08  Hydralisk  
  135  12:09  Hydralisk x6  
  135  12:13  Ravager x3  
  135  12:14  Ravager x5  
  157  12:18  Drone x2  
  159  12:29  Lurker Den  
  158  12:35  Drone x4  
  158  12:36  Drone x2, Extractor x2  
  163  12:37  Drone  
  163  12:48  Drone x2  
  165  13:06  Overlord x5  
  165  13:07  Overlord  
  165  13:08  Overseer  
  165  13:09  Pneumatized Carapace  
  165  13:11  Overseer  
  165  13:16  Hatchery  
  120  13:54  Hatchery  
  119  13:57  Lurker  
  120  14:11  Corruptor x7  
  120  14:12  Corruptor x6  
  146  14:23  Infestation Pit  
  145  14:26  Hatchery  
  145  14:29  Extractor  
  143  14:32  Drone x3  
  143  14:33  Drone x2  
  143  14:36  Drone x2  
  143  14:37  Drone  
  151  14:42  Drone x3  
  154  14:47  Unknown, Drone x5  
  154  14:48  Drone  
  159  14:57  Extractor  
  158  15:01  Zergling x2  
  158  15:03  Drone x3  
  154  15:55  Hydralisk x2  
  154  15:56  Hydralisk x20  
  166  16:16  Hydralisk x8  
  166  16:17  Hydralisk  
  176  16:35  Drone x3  
  176  16:36  Drone x4, Queen  
  176  16:39  Queen  
  187  16:53  Hatchery  
  186  16:56  Hydralisk  
  186  16:57  Hydralisk x6  
  186  17:01  Evolution Chamber  
  199  17:05  Overlord x3  
  199  17:06  Overlord  
  199  17:08  Overseer  
  160  17:39  Queen  
  160  17:42  Queen  
  160  17:44  Mutalisk x5  
  148  18:05  Spore Crawler  
  147  18:10  Spore Crawler  
Tags
 
League
Platinum
Matchup
PvZ
Replay Pack
Multiplayer
Spawn Locations
Close Positions
Add a new tag
Caveats
  • Supply blocks, unpowered buildings, or Contaminate may cause inaccurate times.
  • Supply counts are checked every 10 seconds.